Cogmind - Beta 14 @@@ ROGUE MODE // 2024.09.18 @ 17:06:59 Player: VR-DUX Result: Destroyed by as-27508 with Assembled Blade Performance ------------- Evolutions (1) 500 Regions Visited (4) 800 Robots Destroyed (63) 315 Value Destroyed (1510) 1510 Prototype IDs (4) 80 Alien Tech Used (0) 0 Bonus (0) 0 TOTAL SCORE: 3205 Bonus ------- None Cogmind --------- Core Integrity 0/400 Matter 337/500 Energy 262/265 System Corruption 2% Temperature Cool (0) Movement Treading (305) Ox2 Location -9/Mines Parts ------- > --- POWER (1) -------- Improved Ion Engine > --- PROPULSION (3) --- Advanced Treads Advanced Treads > --- UTILITY (3) ------ Huge Storage Unit High-capacity Matter Pod > --- WEAPON (2) ------- Assault Cannon > --- INVENTORY (25) --- Improved Ion Engine Advanced Treads Improved Flight Unit Improved Flight Unit Improved Flight Unit Improved Flight Unit Improved Flight Unit Large Storage Unit High-capacity Storage Unit Experimental Sensor Array Hacking Suite Bomb Drone Bay (16/16) Improved Assault Rifle Improved Assault Rifle Assault Cannon Assault Cannon Katana Peak State ------------ > --- POWER ------------ Light Ion Engine > --- PROPULSION ------- Light Treads Light Treads Compact Wheel > --- UTILITY ---------- Huge Storage Unit Bomb Drone Bay > --- WEAPON ----------- Assault Rifle Assault Cannon > --- INVENTORY -------- Light Treads Advanced Treads Advanced Treads Advanced Treads Advanced Treads Compact Wheel Compact Wheel Heat Sink Heat Sink Medium Storage Unit Large Storage Unit Large Matter Pod High-capacity Matter Pod Structural Scanner Experimental Sensor Array Seismic Detector Utility Shielding Tractor Beam Assault Rifle Assault Rifle Assault Cannon Assault Cannon Katana [Rating: 27] Favorites ----------- Power Ion Engine Engine Ion Engine Propulsion Light Treads Treads Light Treads Leg Aluminum Leg Wheel Compact Wheel Flight Unit Improved Flight Unit Utility Huge Storage Unit Device Structural Scanner Storage Huge Storage Unit Protection Utility Shielding Weapon Assault Rifle Energy Gun Small Laser Ballistic Gun Assault Rifle Ballistic Cannon Assault Cannon Build | -11 -10 -10 -9 -9 ------- Run | Yrd Mat Min Mat Min Slots Evolved 2 | . . . 2 . Power . | . . . . . Propulsion 1 | . . . 1 . Utility 1 | . . . 1 . Weapon . | . . . . . Parts Attached 60 | 1 24 8 22 5 Power 5 | . 2 1 2 . Engine 5 | . 2 1 2 . Core . | . . . . . Reactor . | . . . . . Propulsion 23 | . 7 2 11 3 Treads 15 | . 4 1 7 3 Leg . | . . . . . Wheel 7 | . 3 1 3 . Hover . | . . . . . Flight 1 | . . . 1 . Utility 16 | 1 6 3 5 1 Device 9 | 1 2 3 3 . Storage 4 | . 3 . . 1 Processor . | . . . . . Hackware . | . . . . . Protection 3 | . 1 . 2 . Artifact . | . . . . . Weapon 16 | . 9 2 4 1 Energy Gun 5 | . 5 . . . Energy Cannon . | . . . . . Ballistic Gun 9 | . 4 2 3 . Ballistic Cannon 2 | . . . 1 1 Launcher . | . . . . . Special Weapon . | . . . . . Impact Weapon . | . . . . . Slashing Weapon . | . . . . . Piercing Weapon . | . . . . . Special Melee Weapon . | . . . . . Unidentified Prototypes 4 | . . 1 3 . Parts Lost 21 | . 8 3 3 7 Power 3 | . 1 1 1 . Propulsion 9 | . 3 1 2 3 Utility 3 | . 1 . . 2 Weapon 6 | . 3 1 . 2 Highest Loss Streak 5 | . 5 2 2 4 To Critical Strikes . | . . . . . Average Slot Usage (%) 95 | . 97 91 97 82 Engine 12 | . 13 13 10 11 Treads 17 | . 14 14 20 24 Wheel 10 | . 10 13 10 3 Device 10 | . 4 14 12 8 Storage 12 | . 14 14 11 18 Protection 6 | . 7 . 8 . Energy Gun 3 | . 11 . . . Ballistic Gun 17 | . 15 20 19 11 Ballistic Cannon 1 | . . . 2 5 Peak Build Rating 27 | 7 8 17 27 25 Average Rating 13 | 6 7 9 19 21 On Entrance 10 | 6 7 8 11 20 Naked Turns . | . . . . . Heaviest Build 99 | 13 90 90 97 99 Greatest Support 66 | 20 40 16 40 66 Greatest Overweight (x) 9 | . 5 5 9 9 Average Overweight (x) 4 | . 2 5 7 3 Largest Inventory Capacity 25 | 8 25 25 25 25 Average Capacity 21 | 8 15 25 25 25 Most Carried 25 | 7 19 23 25 23 Average Carried 18 | 6 10 21 24 19 Final Capacity 25 | 8 25 25 25 25 Final Carried 23 | 6 19 22 23 18 Class Distribution -------------------- 73% | Mutant 26% | Scavenger-Mutant Dominant Class ---------------- Mutant | -10/Materials Mutant | -10/Mines Scavenger-Mutant | -9/Materials Mutant | -9/Mines Resources | -11 -10 -10 -9 -9 ----------- Run | Yrd Mat Min Mat Min Matter Collected 1872 | 210 330 326 1000 6 Remotely . | . . . . . Salvage Created 2333 | 101 639 280 1239 74 Parts 151 | 7 46 11 86 1 Haulers Intercepted 6 | . 2 . 4 . Recyclers Shooed 2 | 1 1 . . . Parts Field Recycled . | . . . . . Retrieved Matter . | . . . . . Parts Self-Destructed . | . . . . . Prevented . | . . . . . Kills | -11 -10 -10 -9 -9 ------- Run | Yrd Mat Min Mat Min Combat Hostiles Destroyed 44 | . 12 4 22 6 Guns 37 | . 11 4 19 3 Cannons 6 | . . . 3 3 AOE 1 | . 1 . . . Classes Destroyed 14 | 2 7 . 3 2 Worker 4 | . 1 . 2 1 Builder 6 | . 3 . 3 . Tunneler 1 | 1 . . . . Hauler 6 | . 2 . 4 . Recycler 2 | 1 . 1 . . Mechanic 1 | . . . 1 . Operator 2 | . 1 . 1 . Watcher 2 | . 1 . 1 . Swarmer 6 | . 3 . 3 . Grunt 25 | . 9 4 12 . Duelist 1 | . . . 1 . Sentry 6 | . . . 6 . Demolisher 1 | . . . . 1 Assembled 5 | . . . . 5 Best Kill Streak 4 | 1 3 2 4 3 Combat Bots Only 3 | . 3 2 3 3 Max Kills in Single Turn 2 | 1 2 1 2 1 Gunslinging 1 | . 1 . . . Exploded 1 | . 1 . . . Melee . | . . . . . Uniques/NPCs Destroyed . | . . . . . Combat | -11 -10 -10 -9 -9 -------- Run | Yrd Mat Min Mat Min Hostile Shots Fired 340 | . 93 49 135 63 Missed 74 | . 15 6 38 15 Damage Taken 3815 | . 919 567 1324 1005 Core 644 | . 143 96 178 227 Absorbed by Shields . | . . . . . Redirected to Shielding 8 | . . . 8 . Core Remaining (%) 52 | 100 . 4 . . Volleys Fired 230 | 11 72 26 97 24 Largest 2 | 2 2 2 2 2 Hottest 105 | 80 105 40 64 67 Shots Fired 436 | 22 141 45 194 34 Gun 394 | 22 141 45 165 21 Cannon 42 | . . . 29 13 Launcher . | . . . . . Special . | . . . . . Kinetic 310 | . 37 45 194 34 Thermal 117 | 22 95 . . . Explosive . | . . . . . Electromagnetic 9 | . 9 . . . Robot Hit Streak 19 | 3 10 18 16 19 Robot Miss Streak 4 | 3 4 2 4 3 Penetration Max . | . . . . . Secondary Targets 4 | . 2 . 1 1 Max Gunslinging Chain 1 | . 1 . 1 1 Shots Hit Robots 288 | 10 84 36 133 25 Core Hits 110 | 3 33 11 53 10 Critical Kills 1 | . . 1 . . Critical Parts Destroyed 1 | . 1 . . . Critical Strikes 4 | . 2 1 1 . Burn 1 | . 1 . . . Destroy 2 | . 1 1 . . Blast 1 | . . . 1 . Melee Attacks . | . . . . . Impact . | . . . . . Slashing . | . . . . . Piercing . | . . . . . Sneak Attacks . | . . . . . Combat Hostiles . | . . . . . Follow-up Attacks . | . . . . . Damage Inflicted 4184 | 109 1047 469 2077 482 Guns 3426 | 109 1004 469 1569 275 Cannons 715 | . . . 508 207 Explosions 43 | . 43 . . . Melee . | . . . . . Ramming . | . . . . . Kinetic 3242 | . 214 469 2077 482 Thermal 892 | 109 783 . . . Explosive . | . . . . . Electromagnetic 50 | . 50 . . . Impact . | . . . . . Slashing . | . . . . . Piercing . | . . . . . Highest Corruption 2 | . . . . 2 Average Corruption 1 | . . . . 1 Corruption Purged . | . . . . . Corruption Blocked . | . . . . . Effects 3 | . . . . 3 Matter Fused 2 | . . . . 2 Alerts 1 | . . . . 1 Overload Shots . | . . . . . Overflow Damage 8 | . . . . 8 Projectiles 8 | . . . . 8 Explosions . | . . . . . Melee . | . . . . . Knockbacks 6 | . . . 2 4 Impact . | . . . . . Kinetic 6 | . . . 2 4 Secondary . | . . . . . Self-Inflicted Damage 40 | . 40 . . . Shots 1 | . 1 . . . Rammed . | . . . . . Targets Rammed . | . . . . . Kicked . | . . . . . Crushed . | . . . . . Highest Temperature 391 | 90 391 13 18 20 Average Temperature 86 | 44 124 5 6 12 Received Heat Transfer 1304 | . 393 321 438 152 Effects 4 | . 4 . . . Shutdowns 1 | . 1 . . . Energy Bleed 1 | . 1 . . . Matter Decay 1 | . 1 . . . Damage (minor) 1 | . 1 . . . Siege Activations . | . . . . . Robots Corrupted . | . . . . . Combat Hostiles . | . . . . . Parts Fried . | . . . . . Impact Corruptions . | . . . . . Robots Melted . | . . . . . Combat Hostiles . | . . . . . Parts Melted 5 | 1 4 . . . Heat Transferred 1944 | 250 1694 . . . Parts Sabotaged . | . . . . . Parts Stolen . | . . . . . Parts Stripped . | . . . . . Power Chain Reactions 1 | . 1 . . . Alert | -11 -10 -10 -9 -9 ------- Run | Yrd Mat Min Mat Min Peak Influence 388 | 10 359 50 388 133 Initial 118 | . 6 2 19 118 Average 142 | 7 173 20 177 108 Maximum Alert Level 1 | . 1 . 1 . Low Security (%) 66 | 100 57 100 54 100 Level 1 33 | . 42 . 45 . Level 2 . | . . . . . Level 3 . | . . . . . Level 4 . | . . . . . Level 5 . | . . . . . High Security . | . . . . . Max Security . | . . . . . Squads Dispatched 4 | . 2 . 2 . Investigation 2 | . 1 . 1 . Extermination . | . . . . . Reinforcement 2 | . 1 . 1 . Assault . | . . . . . Garrison . | . . . . . Intercept . | . . . . . Searches Triggered . | . . . . . Construction Impeded . | . . . . . Haulers Reinforced . | . . . . . Active Scanning Responses . | . . . . . Cargo Convoy Interrupts . | . . . . . Stealth | -11 -10 -10 -9 -9 --------- Run | Yrd Mat Min Mat Min Distress Signals 2 | . 1 . 1 . Communications Jammed . | . . . . . Distress Signals . | . . . . . Times Spotted 76 | . 30 5 28 13 Peak Tracking Total 6 | . 6 2 6 4 Tactical Retreats 9 | . 6 . 2 1 Traps | -11 -10 -10 -9 -9 ------- Run | Yrd Mat Min Mat Min Traps Triggered 3 | . 2 . 1 . Indirectly . | . . . . . Trap Hack Attempts . | . . . . . Triggered . | . . . . . Disarmed . | . . . . . Reprogrammed . | . . . . . Reused . | . . . . . Traps Extracted . | . . . . . Installed . | . . . . . Triggered . | . . . . . Machines | -11 -10 -10 -9 -9 ---------- Run | Yrd Mat Min Mat Min Machines Disabled 1 | . 1 . . . Max in Single Turn 1 | . 1 . . . Machines Repaired . | . . . . . Machines Dismantled . | . . . . . Machines Sabotaged . | . . . . . Overloaded Fab Kills . | . . . . . Hacking | -11 -10 -10 -9 -9 --------- Run | Yrd Mat Min Mat Min Machines Accessed 9 | . 4 1 4 . Terminals 8 | . 4 . 4 . Fabricators . | . . . . . Repair Stations . | . . . . . Recycling Units . | . . . . . Scanalyzers . | . . . . . Garrison Access . | . . . . . Total Hacks 19 | . 10 1 8 . Successful 6 | . 1 1 4 . Failed 13 | . 9 . 4 . Catastrophic 4 | . 3 . 1 . Database Lockouts . | . . . . . Manual 17 | . 11 . 6 . Terminals 18 | . 10 . 8 . Fabricators . | . . . . . Repair Stations . | . . . . . Recycling Units . | . . . . . Scanalyzers . | . . . . . Garrison Access . | . . . . . Terminal Hacks 6 | . 1 1 4 . Robot Analysis 4 | . 1 . 3 . Open Door 1 | . . 1 . . Branch Access Points 1 | . . . 1 . Fabricator Hacks . | . . . . . Repair Station Hacks . | . . . . . Recycling Unit Hacks . | . . . . . Scanalyzer . | . . . . . Garrison Access Hacks . | . . . . . Unauthorized Hacks . | . . . . . Terminals . | . . . . . Fabricators . | . . . . . Repair Stations . | . . . . . Recycling Units . | . . . . . Scanalyzers . | . . . . . Garrison Access . | . . . . . Data Cores Recovered . | . . . . . Used . | . . . . . Hacking Detections 7 | . 4 . 3 . Full Trace Events . | . . . . . Feedback Events . | . . . . . Feedback Blocked . | . . . . . Robot Schematics Acquired . | . . . . . Robots Built . | . . . . . Authchips . | . . . . . Time . | . . . . . Total Robot Build Rating . | . . . . . Part Schematics Acquired . | . . . . . Parts Built . | . . . . . Authchips . | . . . . . Time . | . . . . . Total Part Build Rating . | . . . . . Parts Repaired . | . . . . . Time . | . . . . . Parts Recycled . | . . . . . Recycled Matter . | . . . . . Retrieved Matter . | . . . . . Retrieved Components . | . . . . . Parts Scanalyzed . | . . . . . Part Schematics Acquired . | . . . . . Parts Damaged . | . . . . . Bothacking | -11 -10 -10 -9 -9 ------------ Run | Yrd Mat Min Mat Min Used RIF Installer . | . . . . . Robots Hacked . | . . . . . Non-combat . | . . . . . Combat . | . . . . . Robot Hacks Applied . | . . . . . Relay Couplers Released . | . . . . . Fabnet Peak Effective % . | . . . . . Robots Rewired . | . . . . . Allies Hacked . | . . . . . Hacks Repelled . | . . . . . Allies | -11 -10 -10 -9 -9 -------- Run | Yrd Mat Min Mat Min Total Allies . | . . . . . Largest Group . | . . . . . Highest-Rated Group . | . . . . . Highest-Rated Ally . | . . . . . Total Orders . | . . . . . Ally Attacks . | . . . . . Total Damage . | . . . . . Kills . | . . . . . Allies Corrupted . | . . . . . Allies Melted . | . . . . . Intel | -11 -10 -10 -9 -9 ------- Run | Yrd Mat Min Mat Min Robot Analysis Total 4 | . 1 . 3 . Derelict Logs Recovered 2 | . . 2 . . Drone Launches . | . . . . . Drone Recoveries . | . . . . . Exploration | -11 -10 -10 -9 -9 ------------- Run | Yrd Mat Min Mat Min Turns Passed 3924 | 87 1222 653 1723 239 Spaces Moved 1748 | 44 693 320 633 58 Core 5 | . 5 . . . Treads 146 | . 68 . 36 42 Legs 94 | 44 50 . . . Wheels 1503 | . 570 320 597 16 Hover . | . . . . . Flight . | . . . . . Fastest Speed 95 | 120 95 175 175 215 Average Speed 171 | 120 136 175 206 222 Slowest Speed 320 | 120 190 175 320 230 Overloaded Moves . | . . . . . Propulsion Burnouts . | . . . . . Robots Hopped . | . . . . . Cave-ins Triggered . | . . . . . Exploration Rate (%) 47 | 4 84 86 52 13 Regions Visited 4 Branch Regions 2 Pre-discovered Areas . | . . . . . Known Exits Taken 1 | . . . 1 . Unknown Exits Taken 3 | 1 1 1 . . Scrap Searched 1 | . . 1 . . Spaces Dug . | . . . . . Terrain Destroyed 13 | . 4 . 4 5 Melee . | . . . . . Projectile 9 | . . . 4 5 AOE 4 | . 4 . . . Terrain Rammed . | . . . . . Walls Destroyed . | . . . . . Machines Disabled . | . . . . . Actions | -11 -10 -10 -9 -9 --------- Run | Yrd Mat Min Mat Min Total 2256 | 56 833 366 866 135 Wait 124 | . 11 6 59 48 Move 1744 | 43 692 319 632 58 Hop . | . . . . . Pick Up 53 | 1 22 6 24 . Fast Attach 14 | . 6 . 8 . Attach 27 | 1 10 3 8 5 Detach 2 | . . . 2 . Swap 19 | . 8 5 6 . Drop 43 | . 12 1 30 . Fire 230 | 11 72 26 97 24 Melee . | . . . . . Ram . | . . . . . Kick . | . . . . . Crush . | . . . . . Escape Stasis . | . . . . . Rewire . | . . . . . Trap . | . . . . . Miscellaneous . | . . . . . Route ------- -11/Scrapyard -10/Materials (discovered 3 exits: *Mat / *Min x2) -10/Mines -9/Materials (discovered 3 exits: *Mat / *Min / *Sto) -9/Mines History --------- Turn | Location | Event 1 | -11/Scrapyard | Discovered new exit (range 3) 88 | -11/Scrapyard | Entered Materials 240 | -10/Materials | Lost 5 parts (1p2n1u1w) 309 | -10/Materials | Build established: Mutant 362 | -10/Materials | Core integrity fell below 50% 588 | -10/Materials | Discovered new exit (range 8) 1002 | -10/Materials | Discovered new exit (range 16) 1085 | -10/Materials | Discovered new exit (range 16) 1310 | -10/Materials | Entered Mines 1343 | -10/Mines | Found the Drone Emporium 1354 | -10/Mines | Found Prototype Device 1450 | -10/Mines | Learned 2 Materials zone layouts 1483 | -10/Mines | Core integrity fell below 20% 1732 | -10/Mines | Found a damaged Exp. Sensor Array with a note attached 1735 | -10/Mines | Found Prototype Device 1747 | -10/Mines | Identified Exp. Sensor Array 1935 | -10/Mines | Discovered new exit (range 9) 1963 | -10/Mines | Entered Materials 1963 | -9/Materials | Evolved 2 slots: Propulsion x1, Utility x1 1964 | -9/Materials | Identified exit to Mines 1965 | -9/Materials | Identified exit to Materials 2034 | -9/Materials | Identified Bomb Drone Bay 2142 | -9/Materials | Discovered new exit (range 12) 2704 | -9/Materials | Identified exit to Storage 2828 | -9/Materials | Build established: Scavenger-Mutant 3686 | -9/Materials | Entered Mines 3714 | -9/Mines | Assembled infested the area 3758 | -9/Mines | Core integrity fell below 50% 3783 | -9/Mines | Build established: Mutant 3787 | -9/Mines | Core integrity fell below 20% 3852 | -9/Mines | Lost 4 parts (1n1u2w) 3925 | -9/Mines | Destroyed by as-27508 with Assembled Blade Last Messages --------------- 03820_ The unstable cave ceiling collapses. 03821_ Imp. Assault Rifle destroyed. 03827_ as-12022 destroyed. 03839_ K-01 Serf destroyed. 03841_ K-01 Serf collects debris. 03853_ System corrupted: Matter fused (-7). 03859_ as-63673 knocked back. 03873_ as-63673 destroyed. 03888_ U-05 Engineer destroyed. 03893_ G-47 Trooper destroyed. 03895_ R-06 Scavenger collects Lgt. Ion Engine. 03897_ T-07 Excavator knocked back. 03899_ R-06 Scavenger collects Terrain Scanner. 03900_ R-06 Scavenger destroyed. 03908_ T-07 Excavator knocked back. 03915_ System corrupted: IFF burst signal emitted. 03917_ Adv. Treads destroyed. 03919_ as-27508 sneak attacks. 03919_ K-01 Serf destroyed. 03924_ R-06 Scavenger collects Lgt. Ion Engine. Map ----- +----------------------------------------------------+ | ??????????????# $ ###### # ###??? | | ??????????????????????###### ##% # ##??? | | ??????????????????????????## # # # ##??? | | ??????????????????????????## # # ##??? | | ??????????????????????????#### # ##??? | | ??????????????????????????##### % #####??? | | ??????????????????????????#### ####??? | | ???????????????????????????######%####???? | | ????????????????????????#########%###????? | | ??????????????# ######! ##??##=##?????? | | ??????????????# [!%= #??##*##?????? | | ??????????????# #####%* #??## ##?????? | | ???????????????????????#= ##### ###????? | | ??????????????????????## = #####=###????? | | ??????????????????????## =|### ##????? | | ??????????????????????###!!*! ##????? | | ???????????????????????###%#### % ##????? | | ????????????????????????##*#### ##????? | | ?????????????????????????#*#?## ##????? | | ?????????????????????????# #?## ##????? | | ?????????????????????????# #?##T#####????? | | ?????????????????????????#=#?####### ????? | | ?????????????????????????#%#?####????????? | | ????????????????????????##r###???????????? | | ????????????????# ######aa;;#### #??? | | ????????????????# $ @ % #??? | | ????????????????# % #???? | | ????????????????################ #???? | | ???????????????????????????????????? #???? | | ?????????????????????????????????????????? | | ?????????????????????????????????????????? | | ?????????????????????????????????????????? | | ?????????????????????????????????????????? | | ?????????????????????????????????????????? | | ?????????????????????????????????????????? | | ?????????????????????????????????????????? | | ?????????????????????????????????????????? | | ?????????????????????????????????????????? | | ?????????????????????????????????????????? | | ?????????????????????????????????????????? | | ?????????????????????????????????????????? | | ?????????????????????????????????????????? | | ?????????????????????????????????????????? | | ?????????????????????????????????????????? | | ?????????????????????????????????????????? | | ?????????????????????????????????????????? | | ?????????????????????????????????????????? | | ?????????????????????????????????????????? | | ?????????????????????????????????????????? | | ?????????????????????????????????????????? | +----------------------------------------------------+ Best States ------------- Heat Dissipation 35 Energy Generation 12 Energy Capacity 265 Matter Stores 458 Matter Capacity 500 Sight Range 16 Terrain Scan Range 14 Terrain Scan Density 10 Armor Coverage 150 Propulsion Shielding 33 Utility Shielding 33 Evasion (%) 55 Recoil Reduction 3 Item Schematics ----------------- None Robot Schematics ------------------ None Fabricated ------------ Nothing Alien Tech Used ----------------- None Achievements -------------- None Challenges ------------ None Game ------ Seed SignalRecyclingScanner Manual? 0 Play Time 00:37:25 Cumulative 283.5 hours Start 2024.09.18 @ 16:29:39 End 2024.09.18 @ 17:06:59 Sessions 1 Manual Loads 0 Difficulty Rogue Special Mode None Game No. 163 Rogue 163 Adventurer 0 Explorer 0 Win Type - Total 8 Types 4/1/2/1/0/0/0/0/0 Lore% 53 Gallery% 60 Achievement% 56 Wizard Run 0 Options --------- Layout 1 ASCII 0 Keyboard 0 Movement Mouse Keybinds 0 Fullscreen 1 Font 20/SmallcapsGlow Map View 58x39 Zoom Use 0% Tactical HUD 1 Map Filters NONE Filters NONE Steam 1 RUN: f84aba12-848c-462e-8948-f26e34fff671